 Dungeon Crawl Stone Soup version 0.30-a0-612-g150a0467c1 (webtiles) character file.

Game seed: 231572817394401120

7405 Crownlay the Thaumaturge (level 11, -8/63 HPs)
             Began as a Gargoyle Earth Elementalist on Jan 8, 2023.
             Was a Believer of Vehumet.
             Mangled by a large slime creature (32 damage)
             ... on level 11 of the Dungeon.
             The game lasted 00:19:26 (9753 turns).

Crownlay the Thaumaturge (GrEE)                     Turns: 9753, Time: 00:19:27

Health: -8/63      AC: 19    Str: 12    XL:     11   Next: 14%
Magic:  25/25      EV: 11    Int: 22    God:    Vehumet [**....]
Gold:   61         SH:  0    Dex: 10    Spells: 27/31 levels left

rFire   . . .      SeeInvis .    M - +3 trident
rCold   . . .      Faith    .    (no shield)
rNeg    + + +      Spirit   .    E - +2 robe {rN+}
rPois   ∞          Reflect  .    u - +2 hat
rElec   +          Harm     .    p - scarf {repulsion}
rCorr   +          Rampage  .    (no gloves)
Will    ++...                    z - +0 pair of boots
Stlth   ++                       N - amulet of Dygguc {RegenMP rN+ Will++ rCorr Int-4}
HPRegen 0.30/turn                P - +6 ring of intelligence
MPRegen 0.59/turn                v - +4 ring of protection

@: repel missiles
A: sickness immunity, AC +8, negative energy resistance 1, electricity
resistance, torment resistance 1, petrification resistance
a: Renounce Religion


You were on level 11 of the Dungeon.
You worshipped Vehumet.
Vehumet was pleased with you.
You visited 2 branches of the dungeon, and saw 12 of its levels.

You collected 690 gold pieces.
You spent 629 gold pieces at shops.

Inventory:

Hand Weapons
 M - a +3 trident (weapon)
Missiles
 l - 2 throwing nets
Armour
 p - a scarf of repulsion (worn)
 u - a +2 hat (worn)
 z - a +0 pair of boots (worn)
 E - a +2 robe of positive energy (worn)
Jewellery
 v - a +4 ring of protection (right hand)
 N - the amulet of Dygguc (around neck) {RegenMP rN+ Will++ rCorr Int-4}
   (You found it on level 9 of the Dungeon)

   [amulet of magic regeneration]

   It increases your rate of magic regeneration.
   Int:       It affects your intelligence (-4).
   rN:        It protects you from negative energy.
   rCorr:     It protects you from acid and corrosion.
   Will:      It greatly increases your willpower.
 P - a +6 ring of intelligence (left hand)
Wands
 g - a wand of roots (6)
 H - a wand of polymorph (1)
 J - a wand of acid (7)
 K - a wand of flame (20)
 O - a wand of paralysis (3)
Scrolls
 d - a scroll of vulnerability {unknown}
 h - 7 scrolls of poison
 i - a scroll of silence {unknown}
 j - 3 scrolls of enchant weapon
 m - 2 scrolls of butterflies {unknown}
 o - a scroll of enchant armour
 q - 6 scrolls of teleportation
 s - 4 scrolls of fear
 w - 3 scrolls of acquirement {unknown}
 x - a scroll of noise {unknown}
 A - 2 scrolls of fog
 G - 3 scrolls of magic mapping {unknown}
 I - a scroll of immolation
 L - a scroll of blinking {unknown}
Potions
 a - 2 potions of haste
 b - a potion of magic
 c - a potion of might
 e - 3 potions of mutation
 f - a potion of cancellation
 k - 4 potions of curing
 n - a potion of lignification {unknown}
 r - 3 potions of flight
 t - a potion of berserk rage {unknown}
 B - 3 potions of heal wounds
 D - 2 potions of resistance
 F - 2 potions of ambrosia


   Skills:
 + Level 5.0 Fighting
 - Level 1.5 Dodging
 - Level 2.1 Stealth
 * Level 10.8 Spellcasting
 - Level 8.0 Conjurations
 + Level 2.2 Summonings
 - Level 0.7 Transmutations
 + Level 10.5 Earth Magic


You had 27 spell levels left.
You knew the following spells:

 Your Spells              Type           Power      Damage    Failure   Level
a - Sandblast             Erth           100%       2d20      1%          1
b - Stone Arrow           Conj/Erth      100%       3d13      1%          3

Your spell library contained the following spells:

 Spells                   Type           Power      Damage    Failure   Level
 Magic Dart               Conj           100%       1d8       1%          1
 Passwall                 Tmut/Erth      30%        N/A       1%          2
 Petrify                  Tmut/Erth      36%        N/A       5%          4
 Ensorcelled Hibernation  Hex/Ice        22%        N/A       9%          2
 Flame Wave               Conj/Fire      29%        2d9       11%         4
 Sticky Flame             Conj/Fire      29%        2d5       11%         4
 Spider Form              Tmut/Pois      13%        N/A       14%         3
 Gell's Gravitas          Tloc           11%        N/A       17%         3
 Inner Flame              Hex/Fire       11%        N/A       17%         3
 Teleport Other           Tloc           11%        N/A       17%         3
 Anguish                  Hex/Necr       5%         N/A       50%         4
 Dispersal                Tloc           5%         N/A       100%        6


Dungeon Overview and Level Annotations

Branches:
Dungeon (11/15)            Temple (1/1) D:7            Lair (0/5) D:8
    Orc: D:9-12

Altars:
Ashenzari
Cheibriados
Dithmenos
Elyvilon
Fedhas
Gozag
Hepliaklqana
Makhleb
Nemelex Xobeh
Okawaru
Qazlal
Ru
Sif Muna
Trog
Uskayaw
Vehumet
Wu Jian
Xom
Yredelemnul
Zin

Shops:
D:1 ???   D:7 (   D:8 (

Annotations:
D:10 2 transporters, ThereIsNoGod's ghost, journeyman OpFi


Innate Abilities, Weirdness & Mutations

You are immune to sickness and miasma.
Your stone body is resilient. (AC +8)
You are immune to poison.
You resist negative energy. (rN+)
You are resistant to electric shocks. (rElec)
You are resistant to unholy torment.
You are immune to petrification.


Message History

The blast of sand hits the orc!!
You kill the orc!
Vehumet accepts your kill.
You feel your power returning.
The blast of sand hits the orc!!
You kill the orc!
Vehumet accepts your kill.
The blast of sand hits the very large slime creature!!
The very large slime creature is lightly wounded.
The orc wizard hits you but does no damage.
A very large slime creature splits.
Two slime creatures merge to form a large slime creature.
The blast of sand hits the large slime creature!!
The large slime creature is moderately wounded.
The orc wizard misses you.
The large slime creature barely misses you.
The blast of sand hits the large slime creature!!
The large slime creature is heavily wounded.
The orc wizard hits you but does no damage.
A large slime creature splits.
The large slime creature hits you!!
The orc wizard hits you but does no damage.
The slime creature barely misses you.
The large slime creature barely misses you.
The blast of sand hits the slime creature but does no damage.
The slime creature is heavily wounded.
The orc wizard casts a spell.
The orc wizard flickers and vanishes!
Deactivating autopickup; reactivate with Ctrl-A.
The large slime creature hits you but does no damage.
The slime creature hits you but does no damage.
The slime creature closely misses you.
The blast of sand hits the slime creature.
The slime creature is heavily wounded.
Something hits you but does no damage. The slime creature barely misses you.
The large slime creature hits you!! The slime creature closely misses you.
Something hits you but does no damage. The slime creature closely misses you.
The slime creature hits you but does no damage.
The large slime creature hits you!!
Ouch! That really hurt!
You die...

##. ...############
...........!.........
.......?.............
.....................
.............).......
............{........
............J@.......
)...........JJ.......
.......<........#####
................#
................#
................#
...............>#
.............)..#
###############


You could see a large slime creature and 2 slime creatures.

Vanquished Creatures
  2 two-headed ogres
  Joseph (D:9)
  3 kobold demonologists (D:10)
  2 trolls (D:10)
  A hornet (D:10)
  Grinder (D:4)
  A slime creature (D:10)
  4 yaks (D:10)
  A wyvern (D:9)
  A steam dragon (D:10)
  Eustachio (D:5)
  A water moccasin (D:7)
  3 orc warriors
  A black bear (D:6)
  2 ogres
  An ice beast (D:5)
  2 centaurs (D:8)
  A phantom (D:5)
  3 kobold brigands (D:10)
  Blork the orc (D:5)
  5 bullfrogs
  A gnoll sergeant (D:10)
  2 scorpions (D:5)
  6 killer bees
  A howler monkey (D:4)
  4 orc priests
  2 jellies
  3 gnoll boudas
  4 hounds
  4 iguanas
  3 iron imps (D:9)
  Jessica (D:2)
  8 orc wizards
  18 gnolls
  11 adders
  3 worms
  3 dart slugs
  33 orcs
  3 ball pythons
  5 bats
  4 endoplasms
  2 giant cockroaches
  2 goblins
  7 hobgoblins
  3 jackals (D:4)
  2 quokkas
  4 frilled lizards
  9 kobolds
  3 rats
189 creatures vanquished.

Notes
Turn   | Place    | Note
-------+----------+-------------------------------------------
     0 | D:1      | Crownlay the Gargoyle Earth Elementalist began the quest
                  | for the Orb.
     0 | D:1      | Reached XP level 1. HP: 10/10 MP: 3/3
    26 | D:1      | Found Kinoh's Magic Scroll Boutique.
   137 | D:1      | Found Jasami's Magic Scroll Shoppe.
   196 | D:1      | Found Cymub's Magic Scroll Boutique.
   300 | D:1      | Reached XP level 2. HP: 15/15 MP: 1/5
   758 | D:2      | Found a faded altar of an unknown god.
   892 | D:2      | Reached skill level 5 in Earth Magic
   892 | D:2      | Reached XP level 3. HP: 18/19 MP: 1/6
   973 | D:2      | Learned a level 3 spell: Stone Arrow
   975 | D:2      | Noticed Jessica
   977 | D:2      | Killed Jessica
   978 | D:2      | Reached XP level 4. HP: 19/24 MP: 3/7
  1030 | D:2      | Identified the +1 ring mail "Aceduas" {rF+++ MP+9 Int-4
                  | Dex-2}
  1445 | D:3      | Reached XP level 5. HP: 24/28 MP: 3/8
  1669 | D:3      | Found a faded altar of an unknown god.
  2222 | D:1      | Bought a scroll of identify for 28 gold pieces
  2222 | D:1      | Bought a scroll of teleportation for 42 gold pieces
  2222 | D:1      | Bought a scroll of poison for 56 gold pieces
  2222 | D:1      | Bought a scroll of fog for 56 gold pieces
  2348 | D:3      | Found a sacrificial altar of Ru.
  2417 | D:4      | Identified the +0 sling of Zimmappa {freeze, rF+}
  2463 | D:4      | Identified the +3 long sword of the Final Decision {elec,
                  | *Rage rElec Dex+3}
  2608 | D:4      | Noticed Grinder
  2610 | D:4      | Paralysed by Grinder for 3 turns
  2618 | D:4      | Killed Grinder
  2619 | D:4      | Reached XP level 6. HP: 27/32 MP: 3/9
  2883 | D:4      | Reached XP level 7. HP: 35/36 MP: 3/10
  3411 | D:5      | Entered Level 5 of the Dungeon
  3414 | D:5      | Reached skill level 10 in Earth Magic
  3417 | D:5      | Reached skill level 1 in Conjurations
  3463 | D:5      | You fall into a shaft and drop 2 floors!
  3716 | D:5      | Reached XP level 8. HP: 27/41 MP: 6/13
  3810 | D:5      | Noticed Blork the orc
  3819 | D:5      | Killed Blork the orc
  4003 | D:5      | Found a bloodstained altar of Trog.
  4172 | D:5      | Noticed Eustachio
  4178 | D:5      | Killed Eustachio
  4179 | D:5      | Reached skill level 5 in Spellcasting
  4248 | D:5      | Found an iron altar of Okawaru.
  5188 | D:7      | Reached XP level 9. HP: 45/45 MP: 15/18
  5191 | D:7      | Reached skill level 5 in Conjurations
  5234 | D:7      | Found Zuummaw's Antique Weapon Boutique.
  5654 | D:7      | Found a staircase to the Ecumenical Temple.
  5916 | Temple   | Entered the Ecumenical Temple
  5949 | Temple   | Became a worshipper of Vehumet
  6190 | D:1      | Bought a scroll of fear for 52 gold pieces
  6190 | D:1      | Bought a scroll of enchant armour for 97 gold pieces
  6190 | D:1      | Bought a scroll of enchant weapon for 97 gold pieces
  6190 | D:1      | Bought a scroll of immolation for 52 gold pieces
  6381 | D:8      | Found a blossoming altar of Fedhas.
  6428 | D:8      | Found Peykhlauf's Weapon Shop.
  6440 | D:8      | Reached skill level 1 in Fighting
  6547 | D:8      | Found a staircase to the Lair.
  6604 | D:8      | Found a shadowy altar of Dithmenos.
  6675 | D:8      | Found an opulent altar of Gozag.
  7204 | D:9      | Found a white marble altar of Elyvilon.
  7312 | D:9      | Identified the amulet of Dygguc {RegenMP rN+ Will++ rCorr
                  | Int-4}
  7411 | D:9      | Noticed a two-headed ogre
  7415 | D:9      | Killed a two-headed ogre
  7416 | D:9      | Reached XP level 10. HP: 56/56 MP: 19/22
  7517 | D:9      | Reached * piety under Vehumet
  7517 | D:9      | Offered knowledge of Foxfire by Vehumet.
  7670 | D:9      | Noticed Joseph
  7677 | D:9      | Killed Joseph
  7773 | D:9      | Found a hide-covered altar of Uskayaw.
  7865 | D:9      | Found a shimmering blue altar of Sif Muna.
  8045 | D:9      | Found a burning altar of Makhleb.
  8108 | D:10     | Entered Level 10 of the Dungeon
  8269 | D:10     | Noticed ThereIsNoGod's ghost (journeyman OpFi)
  8270 | D:10     | Found a bloodstained altar of Trog.
  8344 | D:10     | Found a transporter.
  8359 | D:10     | Found a transporter.
  8360 | D:10     | Noticed a tengu warrior
  8360 | D:10     | Noticed a two-headed ogre
  8370 | D:10     | Noticed a moth of wrath
  8853 | D:1      | Bought a scroll of torment for 123 gold pieces
  8853 | D:1      | Bought a scroll of identify for 26 gold pieces
  9159 | D:10     | Reached skill level 10 in Spellcasting
  9330 | D:10     | Noticed a kobold demonologist
  9332 | D:10     | Noticed a kobold demonologist
  9336 | D:10     | Killed a kobold demonologist
  9337 | D:10     | Noticed a sixfirhy
  9341 | D:10     | Killed a kobold demonologist
  9342 | D:10     | Reached skill level 1 in Summonings
  9351 | D:10     | Offered knowledge of Magic Dart by Vehumet.
  9355 | D:10     | Reached ** piety under Vehumet
  9551 | D:10     | Noticed a two-headed ogre
  9556 | D:10     | Killed a two-headed ogre
  9557 | D:10     | Reached XP level 11. HP: 55/62 MP: 25/25
  9709 | D:10     | Reached skill level 5 in Fighting
  9753 | D:11     | Mangled by a large slime creature

Illustrated notes

Levels and vault maps discovered:
D:1:      saegor_arrival_miasma, layout_basic, serial_shops, shop,
          nicolae_lakefront_shop, shop
D:2:      layout_rooms, hellmonk_ecumenical_altar_run_dry, serial_bayou_pond_a,
          uniq_jessica
D:3:      layout_rooms, nicolae_overflow_ecumenical_swirl, nicolae_hexahallways,
          nicolae_eternal_life
D:4:      minmay_chambers_of_threes, layout_basic, uniq_grinder
D:5:      layout_loops_ring, mainiacjoe_overflow_alcove_4,
          mainiacjoe_overflow_brackets, uniq_blork_the_orc, uniq_eustachio
D:6:      layout_rooms
D:7:      layout_cave_pods, temple_hall, serial_shops, shop_statue
D:8:      layout_cave_pools, grunt_dithmenos_smoke_and_mirrors,
          nicolae_overflow_hidden_temple, fedhas_altar_fruit_tree,
          lair_entry_dummy, serial_shops, shop
D:9:      layout_stronghold, tgw_sif, old_standard_altar,
          nicolae_uskayaw_dance_hall, demons_altar, uniq_joseph
D:10:     layout_roguey, gammafunk_ghost_wrathful_warriors
D:11:     layout_long_grid
Temple:   chequers_temple_sunken

Skill      XL: |  1  2  3  4  5  6  7  8  9 10 11 |
---------------+----------------------------------+-----
Earth Magic    | 4 5 6 9 10 | 10.5
Conjurations   | 2 4 6 8 |  8.0
Spellcasting   | 3 6 8 10 | 10.8
Fighting       | 3 4 5 |  5.0
Summonings     | 2 |  2.2
Dodging        | |  1.5
Stealth        | |  2.1
Transmutations | |  0.7

Action                   |  1- 3 |  4- 6 |  7- 9 | 10-12 || total
-------------------------+-------+-------+-------+-------++-------
Melee: Dagger            |       |     7 |     6 |       ||    13
       Trident           |       |       |       |     3 ||     3
 Cast: Sandblast         |    30 |    64 |   151 |    88 ||   333
       Stone Arrow       |       |       |       |    23 ||    23
Evoke: Wand              |       |       |       |     5 ||     5
  Use: Scroll            |       |       |     9 |     1 ||    10
Armor: Robe              |     1 |    11 |    25 |    51 ||    88
Dodge: Dodged            |     8 |    17 |    55 |    71 ||   151
       Repelled          |       |       |       |     1 ||     1

Table legend: (Time is in decaauts)
 A = Elapsed time spent in this place.
 B = Non-inter-level travel time spent in this place.
 C = Inter-level travel time spent in this place.
 D = Time resting spent in this place.
 E = Time spent auto-exploring this place.
 F = Levels seen in this place.
 G = Mean time per level.
                   A        B        C        D        E       F      G
               +--------+--------+--------+--------+--------+-----+--------+
         Total |   9942 |   8650 |   1292 |      0 |   7374 |  12 |  828.5 |
       Dungeon |   9885 |   8610 |   1275 |      0 |   7349 |  11 |  898.6 |
        Temple |     57 |     40 |     17 |      0 |     25 |   1 |   57.0 |
               +--------+--------+--------+--------+--------+-----+--------+

Top non-repeatable levels by time:
     D:4: 1356 daAuts
    D:10: 1265 daAuts
     D:7: 1225 daAuts
     D:3: 1170 daAuts
     D:9: 1134 daAuts
     D:5: 1008 daAuts
     D:8: 771 daAuts
     D:1: 734 daAuts
     D:6: 611 daAuts
     D:2: 590 daAuts
  Temple: 57 daAuts
    D:11: 16 daAuts
